Map: 2000 Atmospheres LE

Players

RumbleRandy - Winner!

  • Race: Terran Terran
  • League: Diamond

A.I. 1 (Very Easy)

  • Race: Protoss Protoss

VOD

Have the link to the VOD?

Description

Time

  • Played on: Jan. 24, 2022, 3:06 p.m.
  • Length: 8:40
Show
View Real Time Build Order
Export as new Build Order

RumbleRandy Terran - Winner!

Build Orders:  

Get SALT Encoding   

  12  0:00  SCV  
  13  0:12  SCV  
  14  0:17  Supply Depot  
  14  0:24  SCV  
  15  0:38  SCV  
  15  0:39  Barracks  
  16  0:44  Refinery  
  16  0:50  SCV  
  16  0:54  Refinery  
  17  1:02  SCV  
  18  1:14  SCV  
  19  1:27  Reaper  
  19  1:28  Orbital Command  
  19  1:29  Supply Depot  
  20  1:42  Factory  
  20  1:53  SCV  
  21  2:00  Reaper  
  22  2:05  SCV  
  22  2:17  SCV  
  23  2:23  Command Center  
  23  2:29  Hellion  
  25  2:36  SCV  
  25  2:37  Barracks Reactor  
  26  2:43  Starport  
  26  2:48  SCV  
  26  2:49  Supply Depot  
  27  2:56  Widow Mine  
  29  3:00  SCV  
  30  3:12  SCV  
  31  3:17  Marine x2, Widow Mine  
  31  3:19  Medivac  
  37  3:24  SCV  
  38  3:34  Marine x2  
  38  3:35  Orbital Command  
  38  3:36  SCV  
  37  3:44  Factory Tech Lab  
  37  3:46  Bunker  
  37  3:55  SCV  
  38  3:56  Marine x2  
  40  4:03  SCV  
  40  4:07  SCV  
  42  4:13  Raven  
  42  4:14  Marine x2, Supply Depot  
  42  4:15  SCV  
  47  4:19  SCV  
  47  4:21  Factory Tech Lab  
  48  4:27  SCV  
  48  4:31  Barracks  
  49  4:33  Barracks, Marine  
  49  4:34  SCV  
  49  4:35  Marine  
  52  4:41  Siege Tank  
  52  4:42  SCV  
  56  4:46  Supply Depot  
  56  4:47  SCV  
  56  4:52  Refinery, Marine  
  58  4:54  SCV, Marine  
  58  4:59  SCV  
  61  5:06  SCV  
  62  5:08  Supply Depot x2  
  62  5:11  SCV  
  63  5:18  Engineering Bay, SCV  
  64  5:22  Marine, Starport Reactor  
  64  5:23  Marine  
  64  5:24  SCV  
  64  5:27  Refinery  
  67  5:30  SCV  
  67  5:31  Stimpack  
  67  5:32  Supply Depot  
  67  5:33  Marauder  
  70  5:36  Marauder  
  70  5:39  SCV  
  70  5:42  SCV  
  74  5:45  Supply Depot, Terran Infantry Weapons Level 1  
  74  5:49  Marine x2  
  76  5:51  SCV  
  76  5:52  Factory Reactor  
  76  5:55  Marauder  
  76  5:56  Combat Shield  
  79  5:59  Marauder  
  79  6:01  Medivac  
  83  6:05  Medivac  
  85  6:13  Supply Depot x2  
  85  6:16  Marine  
  85  6:17  Marauder, Marine  
  89  6:21  Marauder  
  91  6:31  Widow Mine x2  
  95  6:33  Medivac  
  95  6:34  Marine x2  
  95  6:38  Marauder  
  95  6:39  Medivac  
  103  6:42  Marauder  
  105  6:52  Marine x2  
  107  6:54  Widow Mine  
  107  6:55  Widow Mine  
  107  7:00  Marauder  
  113  7:04  Command Center, Marauder  
  113  7:08  Medivac  
  117  7:10  Marine  
  117  7:11  Concussive Shells  
  118  7:15  Supply Depot  
  118  7:16  Supply Depot  
  118  7:36  Marine x2  
  118  7:37  Marauder x2, Widow Mine  
  125  7:54  Marine  
  126  7:58  Marauder  
  126  8:05  Marauder, Marine  
  130  8:10  Barracks x2  
  130  8:11  Engineering Bay, Armory  
  130  8:12  Marine  
  130  8:13  Supply Depot  
  130  8:16  Widow Mine  
  130  8:17  Supply Depot, Widow Mine  
  140  8:20  SCV x2  
Show
View Real Time Build Order
Export as new Build Order

A.I. 1 (Very Easy) Protoss 

Build Orders:  

Get SALT Encoding   

  12  0:00  Probe  
  13  0:13  Probe  
  14  0:19  Pylon  
  14  0:36  Assimilator  
  14  0:42  Gateway  
  14  0:45  Pylon  
  14  1:14  Assimilator  
  14  1:22  Zealot  
  14  1:23  Probe  
  14  1:31  Probe  
  17  1:34  Cybernetics Core  
  18  1:41  Probe  
  19  1:53  Probe  
  20  2:00  Warp Gate  
  20  2:02  Probe  
  21  2:10  Probe  
  22  2:36  Stalker  
  24  6:52  Probe  
  24  6:58  Adept  
  24  6:59  Pylon  
  24  7:00  Robotics Facility, Probe  
  27  7:02  Nexus  
  28  7:09  Probe  
  29  7:17  Probe  
  30  7:25  Probe  
  30  7:27  Pylon  
  31  7:33  Probe  
  30  7:40  Stalker  
  30  7:42  Probe  
  14  7:54  Probe  
  15  8:01  Pylon  
  15  8:03  Pylon  
  15  8:10  Probe  
Tags
 
Add a new tag
Caveats
  • Supply blocks, unpowered buildings, or Contaminate may cause inaccurate times.
  • Supply counts are checked every 10 seconds.